 Dungeon Crawl Stone Soup version 0.19.1 (webtiles) character file.

83 empire the Ducker (level 4, -6/40 HPs)
             Began as a Minotaur Gladiator on Dec 20, 2016.
             Mangled by a river rat (8 damage)
             ... on level 3 of the Dungeon.
             The game lasted 00:05:21 (1954 turns).

empire the Ducker (Minotaur Gladiator)              Turns: 1954, Time: 00:05:21

Health: -6/40      AC:  6    Str: 26    XL:     4   Next: 22%
Magic:  3/3        EV: 11    Int:  5    God:
Gold:   130        SH:  0    Dex: 10    Spells: 0 memorised, 3 levels left

rFire  . . .     SeeInvis .     b - +0 quarterstaff (speed)
rCold  . . .     Gourm    .     Z - +0 scale mail
rNeg   . . .     Faith    .     (shield currently unavailable)
rPois  .         Spirit   .     X - +0 hat
rElec  .         Reflect  .     (no cloak)
rCorr  .         Harm     .     (no gloves)
MR     .....                    (no boots)
Stlth  ..........               (no amulet)
                                (no ring)
                                (no ring)

@: mighty
A: retaliatory headbutt, horns 2
a: no special abilities


You were on level 3 of the Dungeon.
You were not hungry.

You visited 1 branch of the dungeon, and saw 3 of its levels.

You collected 130 gold pieces.

Inventory:

Hand Weapons
 a - a +0 whip
 b - a +0 quarterstaff of speed (weapon)
Missiles
 c - 3 throwing nets
 f - 5 tomahawks (quivered)
 g - 55 bolts
 t - 16 poisoned needles
Armour
 X - a +0 hat (worn)
 Z - a +0 scale mail (worn)
Wands
 o - a wand of flame (23/48)
 s - a wand of polymorph (15/24)
Scrolls
 h - 2 scrolls of remove curse
 j - a scroll of teleportation
 k - a scroll of amnesia {unknown}
 l - 2 scrolls of identify {unknown}
 r - a scroll of random uselessness {unknown}
Potions
 e - 2 potions of might
 n - a potion of curing {unknown}
 q - a potion of heal wounds {unknown}
Comestibles
 d - 4 bread rations
 i - a royal jelly
 p - a meat ration


   Skills:
 + Level 3.7 Fighting
 - Level 2.0 Throwing
 + Level 2.9 Armour
 - Level 4.0 Dodging
 - Level 3.2 Unarmed Combat


You had 3 spell levels left.
You didn't know any spells.

Dungeon Overview and Level Annotations

Branches:
Dungeon (3/15)

Altars:


Innate Abilities, Weirdness & Mutations

You reflexively headbutt those who attack you in melee.
You have a pair of horns on your head.


Message History

You closely miss the river rat. The river rat barely misses you.
The orc closely misses you.
You thump the river rat!
The river rat is severely wounded.
You hit the river rat but do no damage.
The river rat is severely wounded.
The river rat bites you!
* * * LOW HITPOINT WARNING * * *
The orc hits you but does no damage.
Your unstable footing causes you to fumble your attack.
The orc splashes around in the water.
The river rat bites you but does no damage.
Your unstable footing causes you to fumble your attack.
The river rat bites you.
* * * LOW HITPOINT WARNING * * *
The orc splashes around in the water.
It was a potion of might.
You feel very mighty all of a sudden.
The orc splashes around in the water.
The river rat bites you!
You die...

*,*,* *,,,,,,,*,,* ## *,*,*
*,,,,,,,*,,, .# *,*,*
*,,,,,,,**,* .###########*,####
*,,,,,,,,*,,
o......##≈≈####≈≈##***,,,,,,,,*,,
.#####..≈≈≈≈†≈≈o≈≈#,,,,,,,,,,,*,,
.# ####≈≈####or##,,,,,,,,,,,*,*
.# ####≈≈##o#,,,,,******,*,* ##
*≈≈≈≈≈≈#@#**,,,* *,*,, *≈≈≈≈∩≈#r#
*,,,* **,***
*≈**≈≈*#≈#**,,,*****,,*,, ******
**≈≈****≈≈#*,,,,,,,,,,,*,* .,,,,*
*≈≈≈≈≈≈≈≈≈≈**********,,*,* ..,,,*
**≈≈***#≈≈#* *,,*,, ...,,*
*****,#### *,,*,, ...,,*
***,****** *****,,*,, ,,,,,*
*,,,,,,,,* *,,,*,,*,,


You could see an orc priest, a river rat, 2 orcs and a rat.

Vanquished Creatures
  A gnoll (D:1)
  3 adders (D:2)
  2 worms
  2 dart slugs (D:1)
  A leopard gecko (D:3)
  An orc (D:3)
  A giant cockroach (D:1)
  3 goblins (D:2)
  4 hobgoblins
  4 kobolds
  A quokka (D:2)
  2 ball pythons
  7 bats
  2 frilled lizards
  4 rats
38 creatures vanquished.

Notes
Turn   | Place    | Note
-------+----------+-------------------------------------------
     0 | D:1      | empire the Minotaur Gladiator began the quest for the Orb.
     0 | D:1      | Reached XP level 1. HP: 18/18 MP: 0/0
    11 | D:1      | Reached skill level 1 in Armour
    61 | D:1      | Reached XP level 2. HP: 25/25 MP: 1/1
   781 | D:1      | Reached XP level 3. HP: 31/31 MP: 2/2
  1449 | D:2      | Reached skill level 4 in Dodging
  1738 | D:2      | Reached XP level 4. HP: 38/38 MP: 3/3
  1953 | D:3      | HP: 2/40 [river rat (4)]
  1954 | D:3      | Mangled by a river rat

Skill      XL: |  1  2  3 |
---------------+----------+-----
Armour         | 1 2 |  2.9
Fighting       | 3 |  3.7
Dodging        | 4 |  4.0
Throwing       | |  2.0
Unarmed Combat | |  3.2

Action                   |  1- 3 |  4- 6 || total
-------------------------+-------+-------++-------
Melee: Unarmed           |    22 |       ||    22
       Headbutt          |    14 |       ||    14
       Whip              |    13 |       ||    13
       Quarterstaff      |    36 |    20 ||    56
  Use: Scroll            |     1 |     2 ||     3
       Potion            |       |     1 ||     1
  Eat: Chunk             |     2 |     1 ||     3
Armor: Leather armour    |     6 |       ||     6
       Scale mail        |    30 |     9 ||    39
Dodge: Dodged            |    45 |    16 ||    61
